 Dungeon Crawl Stone Soup version 0.25-a0-435-g4b9beb1024 (webtiles) character file.

Game seed: 6401357676344556228, levelgen mode: deterministic

1154 ChaosChampion the Sneak (level 8, 0/52 HPs)
             Began as an Octopode Transmuter on Jan 29, 2020.
             Was a Follower of Cheibriados.
             Succumbed to a worker ant's poison
             ... on level 6 of the Dungeon.
             The game lasted 00:14:45 (4145 turns).

ChaosChampion the Sneak (Octopode Transmuter)       Turns: 4145, Time: 00:14:45

Health: 0/52       AC:  2    Str: 11    XL:     8   Next: 38%
Magic:  5/14       EV: 27    Int: 20    God:    Cheibriados [*.....]
Gold:   221        SH:  0    Dex: 24    Spells: 4/15 levels left

rFire    + . .     SeeInvis .     - Unarmed
rCold    . . .     Gourm    .   (shield currently unavailable)
rNeg     . . .     Faith    .   (helmet currently unavailable)
rPois    x         Spirit   .   (no amulet)
rElec    .         Reflect  .   n - ring of protection from fire
rCorr    .         Harm     .   s - ring of flight
MR       .....                  (no ring)
Stlth    +++++.....             (no ring)
HPRegen  0.17/turn              (no ring)
MPRegen  0.14/turn              (no ring)
                                (no ring)
                                (no ring)

@: agile, lethally poisoned (0 -> -11), about to teleport, spider-form
(expiring), flying, very slow
A: tiny, almost no armour, stealthy swim, (amphibious), 8 rings, (constrict 8)
a: End Transformation, Bend Time, Renounce Religion


You were on level 6 of the Dungeon.
You worshipped Cheibriados.
Cheibriados was aware of your devotion.
You were hungry.
You were a venomous arachnid creature.
You visited 1 branch of the dungeon, and saw 6 of its levels.

You collected 221 gold pieces.

Inventory:

Hand Weapons
 e - a +1 dagger of draining
Missiles
 a - 46 arrows
 h - 16 poisoned darts (quivered)
 p - 70 bolts
Jewellery
 n - a ring of protection from fire (left front leg)
 s - a ring of flight (right front leg)
Scrolls
 b - a scroll of teleportation
 g - 4 scrolls of remove curse
 j - 7 scrolls of identify
 k - a scroll of enchant weapon
 m - a scroll of magic mapping
 o - 3 scrolls of noise
 q - a scroll of amnesia
Potions
 d - a potion of magic
 l - a potion of might
Comestibles
 c - 7 rations


   Skills:
 + Level 3.1 Fighting
 + Level 3.5 Dodging
 * Level 6.0 Stealth
 * Level 5.2 Unarmed Combat
 * Level 4.3 Spellcasting
 * Level 4.6 Transmutations


You had 4 spell levels left.
You knew the following spells:

 Your Spells              Type           Power        Failure   Level  Hunger
a - Beastly Appendage     Tmut           ###...       8%          1    None
b - Sticks to Snakes      Tmut           ###.....     10%         2    #......
c - Spider Form           Tmut/Pois      ##........   32%         3    ###....
d - Blade Hands           Tmut           ###.......   67%         5    ######.

Your spell library contained the following spells:

 Spells                   Type           Power        Failure   Level  Hunger
 Ice Form                 Ice/Tmut       ##......     65%         4    ####...


Dungeon Overview and Level Annotations

Branches:
Dungeon (6/15)
 Temple: D:4-7

Altars:
Cheibriados
Hepliaklqana
Kikubaaqudgha
Nemelex Xobeh
Sif Muna
Trog
Uskayaw
The Shining One

Shops:
D:4 =


Innate Abilities, Weirdness & Mutations

You cannot wear most types of armour.
You are very stealthy in the water. (Stealth+)
((You are amphibious.))
You can wear up to eight rings at the same time.
((You can use your tentacles to constrict eight enemies at once.))
((Your skin changes colour to match your surroundings (Stealth+).))
((Your rubbery body absorbs attacks. (AC +1, EV +1)))


Message History

* * * LOW HITPOINT WARNING * * *
You feel sick. Something hits you but does no damage.
Okay, then.
Okay, then.
Okay, then.
As you read the scroll of teleportation, it crumbles to dust.
You feel strangely unstable.
* * * LOW HITPOINT WARNING * * *
You feel sick.
Cheibriados appreciates the change of pace.
Reactivating autopickup.
Your Stealth skill increases to level 6!
You feel a bit more experienced.
Okay, then.
The flow of time bends around you. Cheibriados rebukes your ball python.
Your ball python seems to slow down.
You feel slightly more hungry.
Your transformation is almost over.
You die...

##.###...##.......
#...#....#.......
###..............
##.............
##............
##............
#.............
#.............
#..Ss........#
#...†.........
#...≈......###
#..†....#...
#.......#.##
#.......# #
#.....#.#
#.....#.#
###......


You could see a friendly ball python.

Vanquished Creatures
  Grinder (D:5)
  Sigmund (D:5)
  Edmund (D:5)
  An orc warrior (D:4)
  A sky beast (D:6)
  A centaur (D:4)
  A scorpion (D:3)
  A howler monkey (D:5)
  A crimson imp (D:5)
  A centaur zombie (D:5)
  2 orc wizards (D:5)
  Jessica (D:1)
  Natasha (twice) (D:2)
  2 worker ants
  4 adders
  An ooze (D:3)
  2 dart slugs (D:2)
  6 leopard geckos
  2 orcs
  A ball python (D:2)
  5 giant cockroaches
  7 goblins
  8 hobgoblins
  6 jackals (D:3)
  5 kobolds
  3 quokkas
  3 bats
  4 frilled lizards
  A jackal zombie (D:5)
  A quokka skeleton (D:5)
  5 rats
81 creatures vanquished.

Vanquished Creatures (collateral kills)
  An adder (D:3)
  2 orcs
  2 goblins
  A ball python (D:3)
  A rat (D:2)
7 creatures vanquished.

Grand Total: 88 creatures vanquished

Notes
Turn   | Place    | Note
-------+----------+-------------------------------------------
     0 | D:1      | ChaosChampion the Octopode Transmuter began the quest for
                  | the Orb.
     0 | D:1      | Reached XP level 1. HP: 13/13 MP: 3/3
   136 | D:1      | Reached XP level 2. HP: 10/18 MP: 3/5
   140 | D:1      | Learned a level 2 spell: Sticks to Snakes
   173 | D:1      | Reached skill level 1 in Stealth
   385 | D:2      | Noticed Jessica
   397 | D:1      | Killed Jessica
   397 | D:1      | Reached XP level 3. HP: 15/23 MP: 0/6
   402 | D:1      | Learned a level 3 spell: Spider Form
   408 | D:2      | Reached skill level 2 in Stealth
   434 | D:2      | Noticed Natasha
   635 | D:2      | Found a faded altar of an unknown god.
   653 | D:2      | Reached XP level 4. HP: 24/28 MP: 4/7
   705 | D:2      | Killed Natasha
   781 | D:2      | Reached XP level 5. HP: 16/33 MP: 2/8
  1142 | D:2      | Noticed Natasha
  1150 | D:2      | Killed Natasha
  1150 | D:2      | Reached skill level 3 in Stealth
  1330 | D:3      | Found a sparkling altar of Nemelex Xobeh.
  1540 | D:3      | Found a shimmering blue altar of Sif Muna.
  1541 | D:3      | Found a snail-covered altar of Cheibriados.
  1542 | D:3      | Found a hide-covered altar of Uskayaw.
  1543 | D:3      | Found a bloodstained altar of Trog.
  1551 | D:3      | Reached XP level 6. HP: 31/39 MP: 6/10
  1552 | D:3      | Became a worshipper of Cheibriados the Contemplative
  1953 | D:3      | Found an ancient bone altar of Kikubaaqudgha.
  1953 | D:3      | Found a hazy altar of Hepliaklqana.
  2108 | D:4      | Found Wogeolif's Jewellery Emporium.
  2212 | D:4      | Noticed an orc warrior
  2231 | D:4      | Killed an orc warrior
  2755 | D:4      | Reached skill level 4 in Stealth
  2930 | D:5      | Entered Level 5 of the Dungeon
  2930 | D:5      | Noticed Grinder
  2946 | D:5      | Killed Grinder
  2946 | D:5      | Reached XP level 7. HP: 16/45 MP: 6/12
  3085 | D:5      | Reached * piety under Cheibriados
  3250 | D:5      | Reached skill level 5 in Stealth
  3345 | D:5      | Noticed Sigmund
  3357 | D:5      | Killed Sigmund
  3357 | D:5      | Reached XP level 8. HP: 51/51 MP: 6/14
  3380 | D:5      | Noticed Edmund
  3393 | D:5      | Killed Edmund
  3393 | D:5      | Reached skill level 5 in Unarmed Combat
  3447 | D:5      | Learned a level 5 spell: Blade Hands
  3690 | D:5      | Found a glowing golden altar of the Shining One.
  4142 | D:6      | HP: 2/52 [something (6)]
  4144 | D:6      | Reached skill level 6 in Stealth
  4145 | D:6      | Succumbed to a worker ant's poison

Levels and vault maps discovered:
D:1:      ncdulo_watergridlock, layout_rooms
D:2:      layout_basic, chequers_ecumenical_altar_simple_redux, uniq_natasha,
          uniq_jessica
D:3:      layout_rooms, grunt_temple_overflow_open,
          gammafunk_temple_overflow_wave
D:4:      layout_basic, serial_shops, kennysheep_little_box
D:5:      layout_basic, lemuel_coloured_pillars_altar, first_ration,
          sigmund_edmund_badplayer, uniq_grinder
D:6:      cheibrodos_iron_armory, layout_rooms

Skill      XL: |  1  2  3  4  5  6  7  8 |
---------------+-------------------------+-----
Stealth        | 1 2 3 4 5 6 |  6.0
Transmutations | 3 4 |  4.6
Fighting       | 2 3 |  3.1
Spellcasting   | 3 4 |  4.3
Unarmed Combat | 4 5 |  5.2
Dodging        | 3 |  3.5

Action                   |  1- 3 |  4- 6 |  7- 9 || total
-------------------------+-------+-------+-------++-------
Melee: Unarmed           |    44 |   152 |    68 ||   264
       Constrict         |    15 |    12 |       ||    27
       Tentacles         |     4 |     6 |     1 ||    11
       Kick              |     3 |       |       ||     3
       Punch             |       |       |     1 ||     1
Throw: Dart              |     8 |     2 |     1 ||    11
 Cast: Beastly Appendage |     9 |       |       ||     9
       Sticks to Snakes  |     5 |    10 |     8 ||    23
       Spider Form       |       |    20 |     8 ||    28
Invok: Bend Time         |       |       |     1 ||     1
  Use: Potion            |       |     2 |     3 ||     5
       Scroll            |       |     1 |    12 ||    13
 Stab: Sleeping          |     3 |     2 |     2 ||     7
       Distracted        |       |     3 |       ||     3
  Eat: Chunk             |       |     7 |     3 ||    10
       Ration            |       |     1 |       ||     1
Armor: Skin              |     4 |    16 |     2 ||    22
Dodge: Dodged            |    34 |   159 |    48 ||   241

Table legend:
 A = Non-vault XP
 B = Vault XP
 C = Vault XP percentage of total XP
 D = Non-vault monster count
 E = Vault monster count
 F = Vault count percentage of total count
                 A         B        C        D         E       F
            +---------+---------+-------+---------+---------+-------
      Total |     946 |     703 |  42.6 |      83 |       5 |   5.7
            +---------+---------+-------+---------+---------+-------
        D:1 |      17 |      37 |  68.5 |      11 |       1 |   8.3
        D:2 |     125 |      33 |  20.9 |      30 |       1 |   3.2
        D:3 |     133 |       0 |   0.0 |      22 |       0 |   0.0
        D:4 |     231 |       0 |   0.0 |       7 |       0 |   0.0
        D:5 |     275 |     633 |  69.7 |      11 |       3 |  21.4
        D:6 |     165 |       0 |   0.0 |       2 |       0 |   0.0
            +---------+---------+-------+---------+---------+-------
